 Dungeon Crawl Stone Soup version 0.23.2 (webtiles) character file.

Game seed: 7450975547449902131

212 DrKleor the Chopper (level 5, -7/47 HPs)
             Began as a Hill Orc Monk on Apr 1, 2019.
             Mangled by a gnoll
             ... wielding a +0 halberd
              (10 damage)
             ... on level 2 of the Dungeon.
             The game lasted 00:04:08 (3177 turns).

DrKleor the Chopper (Hill Orc Monk)                 Turns: 3177, Time: 00:04:09

Health: -7/47      AC:  6    Str: 15    XL:     5   Next: 89%
Magic:  5/5        EV: 11    Int: 10    God:
Gold:   182        SH:  0    Dex: 13    Spells: 4/4 levels left

rFire    + . .     SeeInvis .   a - +0 hand axe
rCold    x . .     Gourm    .   (no shield)
rNeg     + . .     Faith    .   n - +0 ring mail
rPois    .         Spirit   .   (no helmet)
rElec    .         Reflect  .   v - +0 cloak
rCorr    .         Harm     .   (no gloves)
MR       .....                  (no boots)
Stlth    +.........             (no amulet)
HPRegen  0.15/turn              d - ring of fire
MPRegen  0.09/turn              r - ring of positive energy

@: no status effects
A: no striking features
a: no special abilities


You were on level 2 of the Dungeon.
You were very hungry.

You visited 1 branch of the dungeon, and saw 3 of its levels.

You collected 182 gold pieces.

Inventory:

Hand Weapons
 a - a +0 hand axe (weapon)
Armour
 i - a +0 plate armour
 n - a +0 ring mail (worn)
 v - a +0 cloak (worn)
Jewellery
 d - a ring of fire (left hand)
 r - a ring of positive energy (right hand)
Wands
 j - a wand of flame (15)
 p - a wand of enslavement (10)
Scrolls
 e - 4 scrolls of teleportation {unknown}
 f - a scroll of noise {unknown}
 g - 3 scrolls of remove curse {unknown}
 h - a scroll of random uselessness {unknown}
 k - 2 scrolls of immolation {unknown}
 l - 2 scrolls of amnesia {unknown}
 m - 3 scrolls of identify {unknown}
 s - a scroll of enchant weapon {unknown}
Potions
 b - a potion of mutation {unknown}
 o - 2 potions of curing {unknown}
 q - a potion of flight {unknown}
 t - a potion of degeneration {unknown}
 u - a potion of cancellation {unknown}
Comestibles
 c - 5 rations


   Skills:
 + Level 4.9 Fighting
 * Level 6.6 Axes
 + Level 2.7 Armour
 - Level 2.4 Dodging
 - Level 1.5 Stealth


You had 4 spell levels left.
You didn't know any spells.
Your spell library was empty.

Dungeon Overview and Level Annotations

Branches:
Dungeon (3/15)

Altars:
Sif Muna
Trog
Vehumet


Message History

The gnoll hits you from afar with a +0 halberd!
* * * LOW HITPOINT WARNING * * *
You hit the gnoll.
The gnoll is almost dead.
The gnoll barely misses you. The gnoll closely misses you.
You hit the gnoll.
The gnoll is almost dead.
The gnoll hits you with a +0 whip.
* * * LOW HITPOINT WARNING * * *
You hit the gnoll but do no damage.
The gnoll is almost dead.
The gnoll hits you from afar with a +0 halberd.
* * * LOW HITPOINT WARNING * * *
The gnoll closely misses you.
You hit the gnoll but do no damage.
The gnoll is almost dead.
The gnoll hits you with a +0 whip.
* * * LOW HITPOINT WARNING * * *
The gnoll hits you from afar with a +0 halberd!
You die...

#.# #.#.##........# #.#
#....#..≈≈≈#### #.# #.≈......≈##
#.# #.≈≈.#.##..# #.# #.#≈≈#.##.##
###)# #.#.≈..≈#.# #...#
#.##...≈#.# .._.# #≈≈≈#.≈≈#.####
#...############@#≈..≈......#
..............gg.#≈.≈≈......#
##################.≈≈.......# ..#
##≈........##### ..#
#....>....'....
..#################.........#####
...................<####.####
..################'## #.# ..#
##.## #.#


You could see 2 gnolls.

Vanquished Creatures
  A gnoll sergeant (D:2)
  Jessica (D:2)
  A gnoll (D:2)
  5 adders (D:2)
  A worm (D:3)
  3 dart slugs (D:1)
  3 leopard geckos
  5 orcs (D:3)
  5 bats
  3 giant cockroaches
  9 goblins
  4 hobgoblins
  7 kobolds
  A quokka (D:2)
  3 frilled lizards
  3 rats
55 creatures vanquished.

Notes
Turn   | Place    | Note
-------+----------+-------------------------------------------
     0 | D:1      | DrKleor the Hill Orc Monk began the quest for the Orb.
     0 | D:1      | Reached XP level 1. HP: 19/19 MP: 1/1
    44 | D:1      | Reached XP level 2. HP: 22/27 MP: 2/2
   318 | D:1      | Reached skill level 1 in Armour
   624 | D:1      | Reached XP level 3. HP: 30/33 MP: 3/3
   970 | D:2      | Found a radiant altar of Vehumet.
  1184 | D:2      | Reached skill level 5 in Axes
  1349 | D:2      | Noticed Jessica
  1360 | D:2      | Killed Jessica
  1360 | D:2      | Reached XP level 4. HP: 16/40 MP: 4/4
  1900 | D:2      | Reached XP level 5. HP: 35/47 MP: 5/5
  2072 | D:2      | Found a bloodstained altar of Trog.
  2174 | D:2      | Reached skill level 6 in Axes
  2641 | D:3      | Found a deep blue altar of Sif Muna.
  3177 | D:2      | Mangled by a gnoll

Skill      XL: |  1  2  3  4  5 |
---------------+----------------+-----
Armour         | 1 2 |  2.7
Fighting       | 4 |  4.9
Axes           | 5 6 |  6.6
Dodging        | |  2.4
Stealth        | |  1.5

Action                   |  1- 3 |  4- 6 || total
-------------------------+-------+-------++-------
Melee: Hand axe          |   107 |   119 ||   226
 Stab: Sleeping          |     3 |       ||     3
  Eat: Chunk             |     1 |     5 ||     6
Armor: Robe              |    12 |       ||    12
       Ring mail         |    13 |    35 ||    48
Dodge: Dodged            |    59 |    58 ||   117
